 Dungeon Crawl Stone Soup version 0.18-a0-1140-g8540535 (webtiles) character file.

74 MaterialSchas the Skirmisher (level 4, -5/35 HPs)
             Began as a Demonspawn Fighter on Jan 21, 2016.
             Killed from afar by Natasha (7 damage)
             ... with a magic dart
             ... on level 3 of the Dungeon.
             The game lasted 00:03:12 (1276 turns).

MaterialSchas the Skirmisher (Demonspawn Fighter)   Turns: 1276, Time: 00:03:12

Health: -5/35      AC:  6    Str: 18    XL:     4   Next: 9%
Magic:  4/4        EV:  7    Int:  9    God:
Gold:   100        SH:  9    Dex: 12    Spells: 0 memorised, 3 levels left

rFire  . . .     SeeInvis .     j - +0 whip (venom)
rCold  . . .     Gourm    .     b - +0 scale mail
rNeg   . . .     Faith    .     c - +0 shield
rPois  .         Spirit   .     (helmet restricted)
rElec  .         Dismiss  .     (no cloak)
rCorr  .         Reflect  .     (no gloves)
SustAt .         Harm     .     (no boots)
MR     .....                    (no amulet)
Stlth  ..........               (no ring)
                                (no ring)

@: slowed, very slow, not resistant to hostile enchantments, extremely
unstealthy
A: antennae 2
a: no special abilities


You were on level 3 of the Dungeon.
You were not hungry.

You visited 1 branch of the dungeon, and saw 3 of its levels.

You collected 100 gold pieces.

Inventory:

Hand Weapons
 a - a +0 trident
 j - a +0 whip of venom (weapon)
Armour
 b - a +0 scale mail (worn)
 c - a +0 shield (worn)
Wands
 l - a wand of digging (20/24)
Scrolls
 i - a scroll of identify {unknown}
 k - 2 scrolls of remove curse {unknown}
 n - 2 scrolls of enchant armour {unknown}
 q - a scroll of recharging {unknown}
Potions
 d - a potion of might
 e - a potion of magic {unknown}
 g - a potion of brilliance {unknown}
 h - a potion of heal wounds {unknown}
 o - 2 potions of invisibility {unknown}
Comestibles
 f - 2 bread rations
 m - a meat ration
 r - a beef jerky


   Skills:
 - Level 3.1 Fighting
 * Level 2.4 Maces & Flails
 - Level 1.8 Polearms
 - Level 3.0 Armour
 - Level 3.1 Shields


You had 3 spell levels left.
You didn't know any spells.

Dungeon Overview and Level Annotations

Branches:
Dungeon (3/15)

Altars:

Annotations:
D:3 Grinder, Natasha


Innate Abilities, Weirdness & Mutations

You have a pair of antennae on your head.


Message History

You hit the rat.
You kill the rat!
The white imp disappears in a puff of smoke!
Natasha mumbles some strange words.
Natasha shimmers violently.
Natasha stares at you and mumbles some strange words.
The magic dart hits you! Natasha claws you!
* * * LOW HITPOINT WARNING * * *
All of the chunks of flesh in your inventory have rotted away.
Natasha hisses.
You hit Natasha but do no damage.
Natasha looks even sicker.
Natasha is heavily wounded.
Natasha wildly gestures.
You feel disoriented. Natasha claws you.
* * * LOW HITPOINT WARNING * * *
Natasha casts a spell at you. The magic dart hits you!
You die...

#.#########
#......@hS#
#..######.# #.#
. #5#
...#####{#
........5##
..........#
....#.........#
..........#####


You could see Natasha and an adder.

Vanquished Creatures
  Ijyb (D:2)
  An adder (D:2)
  2 worms (D:2)
  A giant gecko (D:2)
  2 ball pythons
  2 giant cockroaches (D:1)
  5 goblins
  6 hobgoblins
  3 bats
  5 giant newts
  2 kobolds (D:1)
  4 rats
34 creatures vanquished.

Notes
Turn   | Place    | Note
--------------------------------------------------------------
     0 | D:1      | MaterialSchas the Demonspawn Fighter began the quest for the Orb.
     0 | D:1      | Reached XP level 1. HP: 18/18 MP: 1/1
   117 | D:1      | Gained mutation: You have a pair of small antennae on your head. [demonic ancestry]
   117 | D:1      | Reached XP level 2. HP: 18/24 MP: 2/2
   484 | D:2      | Noticed Ijyb
   495 | D:2      | Killed Ijyb
   495 | D:2      | Reached skill level 1 in Maces & Flails
   495 | D:2      | Reached XP level 3. HP: 29/29 MP: 3/3
  1043 | D:2      | Gained mutation: You have a pair of antennae on your head. [demonic ancestry]
  1043 | D:2      | Reached XP level 4. HP: 30/35 MP: 4/4
  1260 | D:3      | Noticed Grinder
  1260 | D:3      | Noticed Natasha
  1276 | D:3      | Killed from afar by Natasha

Vault maps used:
D:1:      eino_arrival_water_star, minmay_misc_feat_diagonals,
          serial_park_tiny_pond
D:2:      uniq_iyjb
D:3:      old_standard_altar, portal_sewer_entry_b, uniq_grinder, uniq_natasha

Action                   |  1- 3 |  4- 6 || total
-------------------------+-------+-------++-------
Melee: Trident           |    54 |       ||    54
       Whip              |    50 |    17 ||    67
  Eat: Chunk             |       |     1 ||     1
